 Dungeon Sprint DCSS version 0.26.1-11-gd32895ea62 (webtiles) character file.

Game seed: 11795983821535067368

1637 Zeld the Stormcaller (level 8, -2/41 HPs)
             Began as a Tengu Air Elementalist on June 8, 2021.
             Was a Priest of Sif Muna.
             Slain by a komodo dragon (26 damage)
             ... in the Dungeon (Sprint IX: "|||||||||||||||||||||||||||||").
             The game lasted 00:03:37 (1813 turns).

Zeld the Stormcaller (Tengu Air Elementalist)       Turns: 1813, Time: 00:03:38

Health: -2/41      AC:  7    Str: 18    XL:     8   Next: 98%
Magic:  5/21       EV: 21    Int: 19    God:    Sif Muna [***...]
Gold:   27         SH:  0    Dex: 14    Spells: 9/24 levels left

rFire    . . .     SeeInvis .   a - +4 quarterstaff "Jaisal" {freeze, *Drain rN+ Str+7 Stlth+}
rCold    . . .     Faith    .   (shield currently unavailable)
rNeg     + . .     Spirit   .   k - +2 robe
rPois    .         Reflect  .   (helmet restricted)
rElec    .         Harm     .   l - +2 cloak
rCorr    .         Rampage  .   (no gloves)
Will     .....     NoTele   +   (boots unavailable)
Stlth    +++.......             (no amulet)
HPRegen  0.13/turn              n - +2 ring of evasion
MPRegen  0.17/turn              m - +3 ring of strength

@: very slightly contaminated
A: beak, talons 3, able to fly
a: Fly, Renounce Religion, Channel Magic, Forget Spell


You were in the Dungeon.
You worshipped Sif Muna.
Sif Muna was most pleased with you.
You visited 1 branch You collected 27 gold pieces.

Inventory:

Hand Weapons
 a - the +4 quarterstaff "Jaisal" (weapon) {freeze, *Drain rN+ Str+7 Stlth+}
   (You found it in the Dungeon)

   It has been specially enchanted to freeze those struck by it, causing extra
   injury to most foes and up to half again as much damage against particularly
   susceptible opponents.
   It can also slow down cold-blooded creatures.
   It affects your strength (+7).
   It protects you from negative energy.
   It causes draining when unequipped.
   It makes you more stealthy.
Armour
 k - a +2 robe (worn)
 l - a +2 cloak (worn)
Jewellery
 m - a +3 ring of strength (right hand)
 n - a +2 ring of evasion (left hand)
Wands
 j - a wand of acid (10)
Scrolls
 g - 4 scrolls of remove curse
 h - 2 scrolls of blinking
 i - 2 scrolls of amnesia
 r - a scroll of fear
 s - 2 scrolls of enchant weapon
Potions
 b - a potion of invisibility
 c - 5 potions of curing
 d - 9 potions of heal wounds
 e - a potion of haste
 f - 4 potions of magic
 o - a potion of resistance
Miscellaneous
 p - a phial of floods


   Skills:
 + Level 10.5 Dodging
 - Level 2.0 Stealth
 + Level 8.9 Spellcasting
 - Level 1.3 Conjurations
 * Level 16.5 Air Magic
 * Level 4.6 Invocations


You had 9 spell levels left.
You knew the following spells:

 Your Spells              Type           Power        Failure   Level
a - Shock                 Conj/Air       100%         1%          1
b - Swiftness             Air            63%          0%          2
c - Airstrike             Air            31%          1%          4
d - Static Discharge      Conj/Air       42%          1%          3
e - Lightning Bolt        Conj/Air       21%          6%          5

Your spell library contained the following spells:

 Spells                   Type           Power        Failure   Level


Dungeon Overview and Level Annotations

Branches:
Dungeon (1/1)

Altars:
Cheibriados
Dithmenos
Elyvilon
Fedhas
Gozag
Hepliaklqana
Kikubaaqudgha
Makhleb
Nemelex Xobeh
Okawaru
Qazlal
Ru
Sif Muna
Trog
Uskayaw
Vehumet
Wu Jian
Xom
Yredelemnul
Zin
The Shining One
Beogh
Jiyva
Lugonu


Innate Abilities, Weirdness & Mutations

You have a beak for a mouth.
You have claws for feet.
You can fly continuously.


Message History

Here: a komodo dragon (heavily wounded)
The floor.
Casting: Lightning Bolt (quite dangerous; 6% risk of failure)
Confirm with . or Enter, or press ? or * to list all spells.
The spell is quite dangerous to cast (6% risk of failure)!
Continue anyway?
Aiming: Lightning Bolt (quite dangerous; 6% risk of failure)
Press: ? - help, Shift-Dir - straight line, f - komodo dragon
Aim: a komodo dragon (heavily wounded, 26% to evade)
You miscast Lightning Bolt.
You are very lightly contaminated with residual magic.
Nothing appears to happen.
A wyvern comes into view.
The komodo dragon closely misses you.
Unknown command.
Unknown command.
You fail to use your ability.
The komodo dragon barely misses you.
You can no longer call upon Sif Muna to cast any spell from your library.
The komodo dragon bites you!!
Ouch! That really hurt!
You die...

▓▓▓▓▓▓▓▓▓▓▓▓▓▓▓▓▓▓▓▓▓▓▓▓▓▓▓
l..†.lSkDl@.....!....'.....
▓▓▓▓▓▓▓▓▓▓▓▓▓▓▓▓▓▓▓▓▓▓▓▓▓▓▓▓▓▓▓▓▓
.................................
▓▓▓▓▓▓▓▓▓▓▓▓▓▓▓▓▓▓▓▓▓▓▓▓▓▓▓▓▓▓▓▓▓
__________________'...))'.....)..
▓▓▓▓▓▓▓▓▓▓▓▓▓▓▓▓▓▓▓▓▓▓▓▓▓▓▓▓▓▓▓▓▓


You could see a seven-headed hydra, a komodo dragon, a black mamba, a rime drake
and a wyvern.

Vanquished Creatures
  2 komodo dragons (D)
  A troll (D)
  A wyvern (D)
  2 ogres (D)
  A black bear (D)
  A necrophage (D)
  A centaur (D)
  A bullfrog (D)
  2 scorpions (D)
  A wight (D)
  A quasit (D)
  A hound (D)
  An iguana (D)
  A worker ant (D)
  A dart slug (D)
  2 leopard geckos (D)
  An orc (D)
  A giant cockroach (D)
  A goblin (D)
  A jackal (D)
  A giant cockroach zombie (D)
  A leopard gecko zombie (D)
26 creatures vanquished.

Notes
Turn   | Place    | Note
-------+----------+-------------------------------------------
     0 | D        | Zeld the Tengu Air Elementalist began the quest for the
                  | Orb.
     0 | D        | Reached XP level 1. HP: 10/10 MP: 4/4
    12 | D        | Reached skill level 5 in Air Magic
    16 | D        | Reached XP level 2. HP: 11/15 MP: 1/6
   275 | D        | Learned a level 2 spell: Swiftness
   378 | D        | Noticed an ogre
   378 | D        | Noticed a scorpion
   378 | D        | Noticed a scorpion
   382 | D        | Killed a scorpion
   383 | D        | Reached skill level 8 in Air Magic
   383 | D        | Reached XP level 3. HP: 19/19 MP: 7/9
   383 | D        | Reached XP level 4. HP: 24/24 MP: 7/10
   386 | D        | Reached skill level 5 in Dodging
   386 | D        | Reached skill level 9 in Air Magic
   390 | D        | Killed an ogre
   391 | D        | Reached skill level 5 in Spellcasting
   391 | D        | Reached skill level 11 in Air Magic
   391 | D        | Gained mutation: You can fly continuously. [Tengu growth]
   391 | D        | Reached XP level 5. HP: 28/28 MP: 8/14
   405 | D        | Learned a level 4 spell: Airstrike
   409 | D        | Learned a level 3 spell: Static Discharge
   415 | D        | Learned a level 5 spell: Lightning Bolt
   517 | D        | Found a roughly hewn altar of Beogh.
   517 | D        | Found a snail-covered altar of Cheibriados.
   517 | D        | Found a shadowy altar of Dithmenos.
   517 | D        | Found a white marble altar of Elyvilon.
   517 | D        | Found a blossoming altar of Fedhas.
   517 | D        | Found an opulent altar of Gozag.
   518 | D        | Found a hazy altar of Hepliaklqana.
   519 | D        | Found a viscous altar of Jiyva.
   520 | D        | Found an ancient bone altar of Kikubaaqudgha.
   521 | D        | Found a corrupted altar of Lugonu.
   522 | D        | Found a burning altar of Makhleb.
   523 | D        | Found a sparkling altar of Nemelex Xobeh.
   524 | D        | Found an iron altar of Okawaru.
   525 | D        | Found a stormy altar of Qazlal.
   526 | D        | Found a sacrificial altar of Ru.
   527 | D        | Found a shimmering blue altar of Sif Muna.
   528 | D        | Found a bloodstained altar of Trog.
   529 | D        | Found a hide-covered altar of Uskayaw.
   530 | D        | Found a radiant altar of Vehumet.
   531 | D        | Found an ornate altar of the Wu Jian Council.
   532 | D        | Found a shimmering altar of Xom.
   533 | D        | Found a basalt altar of Yredelemnul.
   534 | D        | Found a glowing silver altar of Zin.
   535 | D        | Found a glowing golden altar of the Shining One.
   537 | D        | Became a worshipper of Sif Muna the Loreminder
   554 | D        | Got the +4 quarterstaff "Jaisal" {freeze, *Drain rN+ Str+7
                  | Stlth+}
   572 | D        | Noticed a necrophage
   572 | D        | Noticed a centaur
   572 | D        | Noticed an ogre
   573 | D        | Killed a centaur
   574 | D        | Reached skill level 12 in Air Magic
   574 | D        | Reached XP level 6. HP: 32/32 MP: 10/16
   574 | D        | Reached * piety under Sif Muna
   576 | D        | Reached skill level 13 in Air Magic
   584 | D        | Killed a necrophage
   584 | D        | Reached ** piety under Sif Muna
   585 | D        | Reached XP level 7. HP: 27/36 MP: 1/18
  1193 | D        | Noticed a wyvern
  1193 | D        | Noticed a troll
  1196 | D        | Killed a wyvern
  1197 | D        | Reached skill level 14 in Air Magic
  1248 | D        | Killed a troll
  1248 | D        | Reached *** piety under Sif Muna
  1249 | D        | Reached skill level 15 in Air Magic
  1249 | D        | Reached XP level 8. HP: 16/41 MP: 14/21
  1803 | D        | Noticed a rime drake
  1803 | D        | Noticed a komodo dragon
  1803 | D        | Noticed a komodo dragon
  1803 | D        | Noticed a komodo dragon
  1804 | D        | Noticed a seven-headed hydra
  1807 | D        | Killed a komodo dragon
  1807 | D        | Reached **** piety under Sif Muna
  1807 | D        | Killed a komodo dragon
  1807 | D        | Noticed a black mamba
  1808 | D        | Reached skill level 10 in Dodging
  1808 | D        | Reached skill level 16 in Air Magic
  1808 | D        | Noticed a wyvern
  1813 | D        | Slain by a komodo dragon

Illustrated notes

Levels and vault maps discovered:
D:        linesprint [early_d, line_temple, items_1, d_10, items_2, lair_1,
          lair_end, items_3, orc_1, orc_end, items_4, d_15, swamp_1, shoals_1,
          snake_1, spider_1, d_20, vaults_1, items_5, swamp_end, shoals_end,
          snake_end, spider_end, vaults_end, d_27, items_6, zot_1, zot_end,
          crypt_end, forest_end, elf_end, slime_end, tomb_end, abyss_end,
          pan_hell_end]

Skill      XL: |  1  2  3  4  5  6  7  8 |
---------------+-------------------------+-----
Air Magic      | 5 8 11 12 13 15 16 | 16.5
Dodging        | 3 4 6 7 8 9 10 | 10.5
Spellcasting   | 3 5 6 7 8 |  8.9
Invocations    | 4 |  4.6
Stealth        | |  2.0
Conjurations   | |  1.3

Action                   |  1- 3 |  4- 6 |  7- 9 || total
-------------------------+-------+-------+-------++-------
Melee: Unarmed           |    16 |    14 |       ||    30
       Peck              |     5 |     3 |       ||     8
       Kick              |     5 |     5 |       ||    10
       Quarterstaff      |       |     8 |       ||     8
 Cast: Shock             |     4 |     1 |     3 ||     8
       Lightning Bolt    |       |     3 |     8 ||    11
Invok: Channel Magic     |       |       |     2 ||     2
  Use: Potion            |     1 |       |       ||     1
       Scroll            |       |       |     4 ||     4
Armor: Robe              |     3 |     9 |       ||    12
Dodge: Dodged            |     8 |    28 |    18 ||    54
